 Dungeon Crawl Stone Soup version 0.22.1-2-g9c5b331383 (webtiles) character file.

112 Peloso the Covered (level 4, -2/41 HPs)
             Began as a Minotaur Fighter on Jan 6, 2019.
             Slain by Sigmund
             ... wielding a +0 scythe
              (11 damage)
             ... on level 3 of the Dungeon.
             The game lasted 00:03:50 (1750 turns).

Peloso the Covered (Minotaur Fighter)               Turns: 1750, Time: 00:03:51

Health: -2/41      AC: 10    Str: 25    XL:     4   Next: 64%
Magic:  3/3        EV:  6    Int:  5    God:
Gold:   138        SH: 10    Dex: 11    Spells: 3/3 levels left

rFire    . . .     SeeInvis .   a - +0 long sword
rCold    + + .     Gourm    +   c - +0 shield
rNeg     . . .     Faith    .   o - +1 chain mail {rC+}
rPois    .         Spirit   .   (helmet restricted)
rElec    .         Reflect  .   (no cloak)
rCorr    .         Harm     .   (no gloves)
MR       .....                  (no boots)
Stlth    ..........             k - amulet of the gourmand
HPRegen  0.13/turn              m - ring of protection from cold
MPRegen  0.08/turn              (no ring)

@: mighty
A: retaliatory headbutt, horns 2
a: no special abilities


You were on level 3 of the Dungeon.
You were hungry.

You visited 1 branch of the dungeon, and saw 3 of its levels.

You collected 138 gold pieces.

Inventory:

Hand Weapons
 a - a +0 long sword (weapon)
Armour
 b - a +0 scale mail
 c - a +0 shield (worn)
 o - a +1 chain mail of cold resistance (worn)
Jewellery
 k - an amulet of the gourmand (around neck)
 m - a ring of protection from cold (left hand)
Scrolls
 e - 6 scrolls of remove curse {unknown}
 g - a scroll of blinking {unknown}
 h - 2 scrolls of fear {unknown}
 i - a scroll of enchant armour {unknown}
 n - a scroll of amnesia {unknown}
 p - a scroll of noise {unknown}
Potions
 j - a potion of ambrosia {unknown}
 l - a potion of lignification {unknown}
Comestibles
 f - 6 rations


   Skills:
 + Level 4.4 Fighting
 + Level 3.8 Long Blades
 + Level 4.7 Armour
 + Level 0.2 Dodging
 + Level 4.2 Shields


You had 3 spell levels left.
You didn't know any spells.
Your spell library was empty.

Dungeon Overview and Level Annotations

Branches:
Dungeon (3/15)

Altars:

Annotations:
D:3 Sigmund


Innate Abilities, Weirdness & Mutations

You reflexively headbutt those who attack you in melee.
You have a pair of horns on your head.


Message History

You closely miss Sigmund. Your headbutt misses Sigmund.
Sigmund is almost dead.
You block the adder's attack.
Sigmund mumbles some strange words.
Sigmund flickers and vanishes!
Deactivating autopickup; reactivate with Ctrl-A.
The adder bites you but does no damage.
You closely miss something. Your headbutt misses something.
You are feeling hungry.
The adder barely misses you. You block something's attack.
The adder bites you but does no damage.
You miss something. The adder bites you but does no damage. Something hits you.
* * * LOW HITPOINT WARNING * * *
You feel very mighty all of a sudden. You block the adder's attack. x2
You hear some strange, mumbled words.
Something tries to affect you, but you resist.
You closely miss something. You headbutt something.
You block the adder's attack. Something hits you!
You die...

#.####.# #.#
####.####.###.####
#................#
#.#####.#.###[##.#
#. #.#.###.##.###
.. #...........S.
##. #.####.###.##
#. #.# #S# #. ..#
#@# ## ##.# #{#
#.# ... #.# ...
..# .##


You could see an adder.

Vanquished Creatures
  Jessica (D:2)
  2 gnolls (D:1)
  2 adders (D:2)
  A worm (D:3)
  2 dart slugs
  2 leopard geckos
  3 giant cockroaches
  5 goblins
  7 hobgoblins
  A ball python (D:1)
  5 bats
  A frilled lizard (D:2)
  4 kobolds
  5 rats
41 creatures vanquished.

Notes
Turn   | Place    | Note
-------+----------+-------------------------------------------
     0 | D:1      | Peloso the Minotaur Fighter began the quest for the Orb.
     0 | D:1      | Reached XP level 1. HP: 19/19 MP: 0/0
   127 | D:1      | Reached XP level 2. HP: 13/27 MP: 1/1
   629 | D:1      | Reached XP level 3. HP: 31/33 MP: 2/2
  1066 | D:2      | Noticed Jessica
  1072 | D:2      | Killed Jessica
  1072 | D:2      | Reached XP level 4. HP: 39/41 MP: 3/3
  1473 | D:2      | Found a faded altar of an unknown god.
  1733 | D:3      | Noticed Sigmund
  1750 | D:3      | Slain by Sigmund

Skill      XL: |  1  2  3 |
---------------+----------+-----
Fighting       | 4 |  4.4
Armour         | 4 |  4.7
Shields        | 4 |  4.2
Long Blades    | 3 |  3.8
Dodging        | |  0.2

Action                   |  1- 3 |  4- 6 || total
-------------------------+-------+-------++-------
Melee: Long sword        |    61 |    43 ||   104
       Headbutt          |     7 |    10 ||    17
  Use: Potion            |       |     1 ||     1
  Eat: Chunk             |       |     3 ||     3
Armor: Scale mail        |    24 |    17 ||    41
       Chain mail        |       |    19 ||    19
Dodge: Dodged            |    14 |    17 ||    31
Block: Shield            |    22 |    31 ||    53
       Rpst.: Long sword |     7 |     7 ||    14
